Map: Orbital Shipyard

Players

TOP - Winner!

  • Race: Terran Terran
  • League: Master

NightEnD

  • Race: Protoss Protoss
  • League: Master

VOD

Have the link to the VOD?

Description

Time

  • Played on: Sept. 5, 2015, 5:16 p.m.
  • Length: 10:44
Show
View Real Time Build Order
Export as new Build Order

TOP Terran - Winner!

Build Orders: MMM Bio 

Get SALT Encoding   

  12  0:00  SCV  
  13  0:13  SCV  
  14  0:18  Supply Depot  
  14  0:25  SCV  
  15  0:40  SCV  
  15  0:42  Barracks  
  16  0:53  SCV  
  17  0:58  Refinery  
  17  1:05  SCV  
  18  1:18  SCV  
  19  1:30  Marine  
  19  1:32  Orbital Command  
  20  1:37  Command Center  
  20  1:45  Supply Depot  
  20  1:48  Barracks Reactor  
  20  2:00  SCV  
  21  2:05  Refinery  
  21  2:12  SCV  
  22  2:19  Factory  
  22  2:24  SCV, Marine  
  22  2:25  Marine  
  25  2:36  SCV  
  26  2:42  Marine  
  26  2:43  Marine  
  28  2:48  SCV  
  28  2:49  Orbital Command  
  29  3:00  Marine  
  29  3:01  Marine  
  29  3:02  SCV  
  29  3:04  Starport, Widow Mine  
  34  3:15  Supply Depot  
  34  3:16  SCV  
  34  3:17  SCV, Marine  
  34  3:18  Marine  
  38  3:30  SCV x2  
  38  3:32  Widow Mine  
  42  3:35  Marine  
  42  3:36  Marine  
  44  3:42  Medivac  
  44  3:45  SCV x2  
  48  3:53  Marine  
  48  3:54  Marine  
  50  3:57  SCV x2  
  50  4:01  Command Center  
  52  4:09  SCV  
  54  4:10  SCV  
  54  4:11  Supply Depot  
  54  4:22  Barracks x2  
  54  4:26  Widow Mine  
  54  4:27  SCV, Starport Tech Lab  
  54  4:29  SCV  
  54  4:31  Refinery  
  58  4:34  Engineering Bay  
  58  4:38  Marine x2  
  58  4:39  SCV  
  58  4:41  SCV  
  62  4:51  SCV  
  63  4:53  SCV  
  63  4:55  Starport Reactor  
  63  4:56  Marine x2  
  66  5:03  SCV  
  67  5:11  Barracks Tech Lab  
  67  5:13  SCV  
  67  5:14  Marine x2  
  68  5:15  SCV, Missile Turret, Orbital Command  
  68  5:16  Terran Infantry Weapons Level 1  
  68  5:18  Stimpack, Factory Reactor  
  68  5:20  Marauder  
  73  5:25  SCV, Missile Turret  
  73  5:27  SCV  
  75  5:31  Orbital Command  
  73  5:36  Marine x2  
  73  5:37  Medivac x2, Marauder  
  73  5:39  SCV x2  
  73  5:41  Refinery  
  81  5:49  Barracks  
  81  5:51  Supply Depot, Barracks  
  81  5:52  Supply Depot, Marauder  
  83  5:57  SCV x2  
  85  6:08  Widow Mine, Marine x2  
  85  6:09  Widow Mine, Marauder  
  93  6:12  SCV x2, Medivac  
  93  6:16  Supply Depot  
  97  6:18  Supply Depot  
  97  6:20  Marine  
  97  6:21  Missile Turret x2  
  97  6:24  SCV x2  
  99  6:26  Marine x2  
  99  6:27  Medivac  
  99  6:30  Marauder  
  105  6:35  Armory  
  105  6:36  SCV  
  105  6:38  Engineering Bay  
  106  6:40  Barracks Reactor, Barracks Tech Lab  
  106  6:41  Marauder  
  106  6:44  Supply Depot, Marine  
  106  6:45  SCV  
  110  6:49  Marine  
  110  6:51  Marauder, Widow Mine  
  115  6:56  SCV  
  115  6:57  SCV  
  115  7:01  SCV, Ghost Academy  
  117  7:02  Marine  
  117  7:08  SCV  
  120  7:09  SCV  
  120  7:12  Supply Depot, Medivac x2  
  120  7:13  Marauder, Marine x2  
  129  7:16  SCV  
  129  7:18  Supply Depot  
  129  7:20  SCV  
  129  7:21  Terran Infantry Armor Level 1  
  129  7:22  Marauder, Marine x2  
  135  7:23  Marine  
  135  7:28  Refinery  
  135  7:29  Refinery  
  136  7:31  Marine  
  136  7:36  Supply Depot  
  139  7:41  Marine x2  
  139  7:44  Supply Depot, Terran Infantry Weapons Level 2  
  143  7:45  Ghost x2  
  143  7:54  Marine x2  
  143  7:55  Marauder  
  142  7:59  Marine  
  136  8:06  Marine  
  136  8:07  Combat Shields, Concussive Shells  
  136  8:12  Marine x2  
  139  8:15  Marauder x2  
  139  8:16  Marine, Marauder  
  146  8:20  Medivac x2, Widow Mine x2  
  146  8:24  Marine  
  146  8:25  Command Center  
  155  8:29  Missile Turret  
  155  8:30  Missile Turret, Marine  
  155  8:34  Marine x2  
  156  8:36  Marauder x2  
  156  8:37  Missile Turret, Marauder  
  162  8:42  Marine  
  162  8:47  Personal Cloaking  
  162  8:48  Widow Mine x2, Marine  
  164  8:52  Marine x2  
  170  8:56  Supply Depot  
  170  8:57  Supply Depot, Marauder  
  170  8:59  Ghost x2, Marine  
  177  9:05  Marine  
  177  9:09  Marine  
  178  9:10  Marine  
  178  9:13  Barracks  
  178  9:14  Barracks  
  176  9:17  Marine  
  176  9:19  Marauder  
  176  9:23  Marine  
  161  9:27  Marine  
  161  9:28  Marauder, Ghost, Marine  
  156  9:35  Marine  
  157  9:39  Ghost  
  157  9:41  Marine  
  157  9:45  Widow Mine, Marine x2  
  161  9:46  Medivac x2  
  161  9:50  Widow Mine, Marauder  
  172  9:53  Marine  
  172  9:56  Ghost  
  172  9:59  Marine  
  176  10:01  Marine  
  176  10:03  Marine x2  
  178  10:09  Marauder  
  178  10:11  Marauder  
  169  10:18  Marine  
  169  10:19  Marine x2  
  166  10:21  Barracks Tech Lab  
  166  10:22  Marine x2  
Show
View Real Time Build Order
Export as new Build Order

NightEnD Protoss 

Build Orders:  

Get SALT Encoding   

  12  0:00  Probe (Chrono Boost)  
  13  0:11  Probe (Chrono Boost)  
  14  0:17  Pylon  
  14  0:21  Probe (Chrono Boost)  
  15  0:35  Probe (Chrono Boost)  
  15  0:36  Gateway  
  16  0:45  Probe (Chrono Boost), Assimilator  
  17  0:55  Probe (Chrono Boost)  
  18  1:02  Pylon  
  18  1:05  Probe (Chrono Boost)  
  19  1:16  Probe (Chrono Boost)  
  20  1:25  Cybernetics Core  
  20  1:26  Probe (Chrono Boost)  
  23  1:36  Probe (Chrono Boost)  
  24  1:46  Probe (Chrono Boost)  
  25  1:51  Nexus  
  23  1:56  Probe (Chrono Boost)  
  24  2:02  Adept  
  24  2:06  Mothership Core (Chrono Boost)  
  28  2:10  Assimilator  
  28  2:18  Pylon  
  28  2:24  Probe (Chrono Boost), Warp Gate  
  29  2:32  Adept  
  29  2:36  Probe (Chrono Boost)  
  32  2:46  Probe (Chrono Boost)  
  33  2:52  Robotics Facility  
  33  2:56  Probe (Chrono Boost)  
  34  3:03  Probe (Chrono Boost), Adept  
  37  3:06  Probe (Chrono Boost)  
  38  3:13  Probe (Chrono Boost)  
  38  3:16  Probe (Chrono Boost)  
  40  3:23  Probe (Chrono Boost)  
  40  3:26  Probe (Chrono Boost), Stargate  
  42  3:30  Adept  
  42  3:34  Probe (Chrono Boost)  
  45  3:37  Probe (Chrono Boost)  
  46  3:44  Probe (Chrono Boost), Observer  
  46  3:47  Probe (Chrono Boost)  
  49  3:49  Pylon  
  49  3:51  Pylon  
  49  3:54  Probe (Chrono Boost)  
  50  3:57  Probe (Chrono Boost)  
  51  4:04  Probe (Chrono Boost), Forge, Twilight Council  
  51  4:07  Probe (Chrono Boost)  
  53  4:14  Probe (Chrono Boost)  
  54  4:17  Probe (Chrono Boost)  
  54  4:18  Nexus  
  56  4:24  Probe (Chrono Boost)  
  56  4:27  Probe (Chrono Boost)  
  56  4:29  Assimilator  
  56  4:30  Adept  
  59  4:34  Probe (Chrono Boost), Assimilator  
  59  4:35  Protoss Ground Armor Level 1 (Chrono Boost)  
  59  4:37  Probe (Chrono Boost)  
  61  4:45  Probe  
  62  4:52  Probe  
  63  4:53  Pylon  
  63  4:54  Pylon  
  63  4:57  Probe  
  63  4:58  Adept  
  66  5:02  Observer  
  66  5:05  Probe (Chrono Boost)  
  57  5:09  Probe (Chrono Boost)  
  58  5:16  Probe (Chrono Boost)  
  58  5:19  Probe (Chrono Boost)  
  60  5:22  Shield Upgrade, Photon Cannon  
  60  5:26  Probe (Chrono Boost)  
  61  5:29  Probe (Chrono Boost)  
  61  5:31  Probe (Chrono Boost)  
  58  5:36  Probe (Chrono Boost)  
  58  5:39  Probe (Chrono Boost)  
  58  5:41  Probe (Chrono Boost)  
  61  5:44  Photon Cannon  
  61  5:46  Probe (Chrono Boost), Adept  
  61  5:49  Probe (Chrono Boost)  
  65  5:51  Probe (Chrono Boost)  
  65  5:52  Gateway  
  65  5:56  Probe (Chrono Boost), Gateway  
  67  5:59  Probe (Chrono Boost)  
  67  6:00  Gateway, Blink  
  67  6:01  Probe (Chrono Boost)  
  69  6:06  Probe (Chrono Boost)  
  69  6:10  Probe x2 (Chrono Boost)  
  71  6:14  Protoss Ground Armor Level 2 (Chrono Boost)  
  71  6:17  Probe  
  73  6:21  Probe  
  74  6:31  Pylon  
  74  6:32  Adept  
  76  6:33  Pylon  
  76  6:37  Pylon x2  
  75  6:42  Observer  
  76  6:47  Probe  
  76  6:48  Probe x2  
  79  6:58  Gateway  
  79  6:59  Gateway  
  79  7:00  Probe  
  80  7:01  Gateway  
  80  7:02  Photon Cannon  
  80  7:04  Gateway  
  80  7:07  Adept x2  
  80  7:08  Adept, Pylon x2  
  86  7:24  Warp Prism (Chrono Boost)  
  86  7:28  Adept x3  
  94  7:31  Pylon  
  94  7:35  Adept  
  96  7:37  Pylon  
  96  7:55  Adept  
  96  7:56  Adept x3  
  96  7:57  Stalker x3  
  106  8:05  Photon Cannon  
  97  8:14  Gateway  
  97  8:17  Gateway  
  97  8:19  Stalker x5, Gateway  
  107  8:20  Stalker  
  107  8:22  Probe  
  110  8:30  Protoss Ground Weapons Level 1  
  109  8:45  Adept x6  
  109  8:46  Adept x2  
  125  8:53  Pylon  
  125  8:54  Pylon  
  124  9:06  Adept x5  
  124  9:07  Adept x3  
  138  9:21  Adept x3  
  85  9:37  Adept x4  
  85  9:38  Adept x4  
  77  9:42  Adept x3  
  85  10:00  Adept  
  85  10:01  Adept x6  
  85  10:02  Adept x2  
  85  10:03  Adept x2  
  74  10:22  Adept x4  
  74  10:23  Adept x4  
  74  10:24  Adept  
  78  10:32  Adept x2  
Tags
 
Add a new tag
Caveats
  • Supply blocks, unpowered buildings, or Contaminate may cause inaccurate times.
  • Supply counts are checked every 10 seconds.